AoeStats
← DUMB_Wafffles

Arena

505990168Analyzed
4v4 RM · 21d ago on Sep 11, 2026· 18m 44s· 8 players
Game mode
Random Map
Map size
Large (8 player)
Population
200
Speed
Normal
Resources
Standard
Victory
Conquest
Starting age
Dark Age
Ending age
Imperial Age
RankedLock teamsTeams togetherTeam positionsShared explorationLock speedFull tech treeHidden civsTurbo modeCheats
Victory
Defeat
🇲🇽 Khmer · Mexico
1560
+16
🇦🇷 Bohemians · Argentina
1541
+17
🇦🇷 Mongols · Argentina
1481
+19
🇨🇦 Cumans · Canada
1470
+20
🇺🇸 Franks · United States
1605
-21
🇨🇳 Byzantines · China
1593
-19
🇺🇸 Spanish · United States
1588
-19
🇨🇳 Persians · China
1437
-13
Nuclear Energy
8:56 Feudal Age
9:33 Double-Bit Axe
13:31 Loom
14:17 Town Watch
15:07 Gold Mining
15:02 Horse Collar
17:56 Wheelbarrow
CAXCAN
11:07 Feudal Age
10:10 Loom
11:08 Man-at-Arms
11:51 Loom
13:34 Scale Mail Armor
13:22 Arson
16:28 Forging
17:54 Loom
pela
11:26 Feudal Age
12:17 Double-Bit Axe
15:03 Castle Age
15:06 Horse Collar
17:35 Fervor
Jjota
10:20 Feudal Age
14:47 Castle Age
12:50 Double-Bit Axe
18:19 Fletching
18:41 Loom
DUMB_Wafffles
11:29 Feudal Age
15:22 Castle Age
15:38 Double-Bit Axe
DUMB_Gumbie
10:36 Feudal Age
14:37 Castle Age
14:44 Loom
15:41 Double-Bit Axe
枯山水
10:26 Feudal Age
14:24 Castle Age
13:09 Horse Collar
13:40 Double-Bit Axe
14:31 Loom
15:50 Wheelbarrow
我爱吃小孩
9:53 Feudal Age
14:11 Castle Age
12:11 Double-Bit Axe
12:44 Horse Collar
16:21 Scale Barding Armor
Connection lost

Rejoining the realm…

Still unreachable

The connection could not be restored.

Session expired

The server has moved on; the page needs a fresh start.